 Dungeon Crawl Stone Soup version 0.31-a0-521-gc7390f8997 (webtiles) character file.

Game seed: 6463420862544160328

42070 lxXxl the Severer (level 13, 0/119 HPs)
             Began as a Minotaur Fighter on Aug 10, 2023.
             Was an Initiate of Gozag.
             Slain by a deep elf archer
             ... wielding a +3 short sword
              (4 damage)
             ... on level 1 of the Elven Halls.
             The game lasted 03:06:01 (14685 turns).

lxXxl the Severer (Minotaur Fighter)               Turns: 14685, Time: 03:06:10

Health: 0/119      AC: 26    Str: 28    XL:     13   Next: 83%
Magic:  0/12       EV:  8    Int:  5    God:    Gozag
Gold:   1215       SH:  0    Dex: 14    Spells: 12/12 levels left

rFire   + . .        X - +8 battleaxe
rCold   x . .        (shield currently unavailable)
rNeg    + . .        A - +5 plate armour {rN+}
rPois   .            f - +2 hat of the Bear Spirit {Spirit, Bear, *Rage Will++}
rElec   .            (no cloak)
rCorr   .            d - +2 pair of gloves {Stlth+}
SInv    .            (no boots)
Will    ++...        C - amulet of regeneration Stlth
                     R - +6 ring of strength
HPRegen 1.19/turn    B - ring of fire
MPRegen 0.13/turn

%: random rage (20%), guardian spirit
@: on berserk cooldown, slowed, very slow
A: horns 2, retaliatory headbutt
a: Renounce Religion, Potion Petition, Call Merchant, Bribe Branch


You were on level 1 of the Elven Halls.
You worshipped Gozag.
Gozag was most pleased with you.
You visited 4 branches of the dungeon, and saw 15 of its levels.
You also visited: Sewer, Ossuary and Bailey.

You collected 4992 gold pieces.
You spent 1815 gold pieces at shops.
You paid 1962 gold pieces to Gozag.

Inventory:

Hand Weapons
 S - the +12 dagger "Taeloda" {flame, rPois rC- Dex+2}
   (You found it on level 6 of the Dungeon)

   Dex+2:     It affects your dexterity (+2).
   rC-:       It makes you vulnerable to cold.
   rPois:     It protects you from poison
 X - a +8 battleaxe (weapon)
 Y - a +0 broad axe
Missiles
 u - 98 poisoned darts
Armour
 b - a +0 kite shield of resistance
 c - the +3 hat of Pondering {ponderous, Will+ MP+10 Int+5}
   (You took it off Gastronok on level 1 of the Lair of Beasts)

   Int+5:     It affects your intelligence (+5).
   Will+:     It increases your willpower.
   MP+10:     It affects your magic capacity (+10).
 d - a +2 pair of gloves of stealth (worn)
 f - the +2 hat of the Bear Spirit (worn) {Spirit, Bear, *Rage Will++}
   (You bought it in a shop on level 2 of the Orcish Mines)

   Bear:      Going berserk makes the wearer exceptionally tough, and they are
   slowed for a shorter time afterward.
   Will++:    It greatly increases your willpower.
   *Rage:     It berserks you when you make melee attacks (+20% chance).
 t - a scarf of shadows
 A - a +5 plate armour of positive energy (worn)
Jewellery
 e - a +4 ring of protection
 p - a ring of resist corrosion
 B - a ring of fire (right hand)
 C - an amulet of regeneration (around neck)
 I - a +6 ring of intelligence
 N - a ring of wizardry
 R - a +6 ring of strength (left hand)
Wands
 q - a wand of flame (3) (quivered)
 G - a wand of acid (8)
 H - a wand of mindburst (5)
 K - a wand of roots (11)
 T - a wand of polymorph (16)
 Z - a wand of digging (1)
Scrolls
 a - 2 scrolls of butterflies
 g - 3 scrolls of revelation
 h - a scroll of fear
 l - 6 scrolls of noise
 m - 6 scrolls of enchant weapon
 n - a scroll of poison {unknown}
 r - 7 scrolls of immolation
 s - 2 scrolls of teleportation {unknown}
 x - a scroll of silence {unknown}
 y - a scroll of brand weapon {unknown}
 J - 2 scrolls of fog
 L - a scroll of identify
 O - a scroll of blinking
Potions
 i - 2 potions of enlightenment {unknown}
 j - a potion of ambrosia {unknown}
 k - 4 potions of curing
 o - 4 potions of lignification
 v - a potion of magic {unknown}
 z - 2 potions of might
 D - 3 potions of haste {unknown}
 E - 24 potions of degeneration
 F - a potion of berserk rage {unknown}
 M - a potion of brilliance {unknown}
 P - a potion of experience {unknown}
 Q - 3 potions of attraction
 U - a potion of resistance {unknown}
 V - 3 potions of mutation
 W - a potion of invisibility {unknown}


   Skills:
 + Level 12.9 Fighting
 * Level 19.3 Axes
 + Level 12.9 Armour
 + Level 12.9 Shields


You had 12 spell levels left.
You didn't know any spells.
Your spell library contained the following spells:

 Spells                   Type           Power      Damage    Failure   Level
 Apportation              Tloc           0%         N/A       98%         1
 Magic Dart               Conj           0%         1d3       98%         1
 Necrotise                Necr           0%         1d4       98%         1
 Summon Small Mammal      Summ           0%         N/A       98%         1
 Call Imp                 Summ           0%         N/A       99%         2
 Ignite Poison            Fire/Tmut/Pois 0%         N/A       100%        3
 Mephitic Cloud           Conj/Pois/Air  0%         N/A       100%        3
 Sticky Flame             Conj/Fire      0%         2d3       100%        4
 Ignition                 Fire           0%         3d3       100%        8


Dungeon Overview and Level Annotations

Branches:
Dungeon (10/15)            Temple (0/1) D:4            Lair (2/5) D:9
    Orc (2/2) D:10            Elf (1/3) Orc:2         Sewer (visited)
Ossuary (visited)          Bailey (visited)
  Swamp: Lair:2-3    Shoals: Lair:2-3     Snake: Lair:2-3    Spider: Lair:2-3

Altars:
Gozag
Hepliaklqana
Sif Muna
Trog
Uskayaw
Vehumet
Wu Jian
Yredelemnul
Zin
Lugonu

Shops:
D:7 [   D:9 *[   Orc:1 [   Orc:2 :[!=


Innate Abilities, Weirdness & Mutations

You have a pair of horns on your head.
You reflexively headbutt those who attack you in melee.


Message History

The deep elf pyromancer blinks!
The deep elf archer shoots an arrow.
The arrow hits you!
The deep elf pyromancer shouts!
You see here 5 gold pieces.
You completely miss the deep elf archer.
The deep elf pyromancer is no longer distracted by gold.
The deep elf pyromancer mumbles some strange words.
The deep elf pyromancer blinks!
You slice the deep elf archer!!
The deep elf archer is heavily wounded.
You hear some strange, mumbled words.
A shard of ice appears from out of thin air!
The shard of ice hits you!!!
You feel a painful chill!
* * * LOW HITPOINT WARNING * * *
The deep elf archer is distracted by your dazzling golden aura.
The deep elf archer shouts!
You slice the deep elf archer!!
The deep elf archer is no longer distracted by gold.
Your headbutt misses the deep elf archer.
The deep elf archer is almost dead.
The deep elf pyromancer gestures at you while chanting.
The bolt of fire hits something!!
The bolt of fire hits you. You resist.
* * * LOW HITPOINT WARNING * * *
The deep elf pyromancer casts a spell.
You hear a bow twang.
An arrow appears from out of thin air!
The arrow hits you!
* * * LOW HITPOINT WARNING * * *
The deep elf archer unwields a +0 shortbow.
The deep elf archer wields a +3 short sword.
The deep elf archer hits you with a +3 short sword.
* * * LOW HITPOINT WARNING * * *
You feel much better.
The deep elf pyromancer mumbles some strange words.
You hear some strange, mumbled words.
A shard of ice appears from out of thin air!
The shard of ice hits you!!
You feel a painful chill!
* * * LOW HITPOINT WARNING * * *
The deep elf archer hits you with a +3 short sword.
You die...
Your body crumbles into a pile of gold.

# ####.##.......##.#
#...............○##$#
#..#.##.......eE..#..
#..#........E.....###
####..#..#......e.......
...#..#..#......{.......
.......................#
...#........!.$......#
######.....#...e@...##
.# #.^...#....$....# #.#
#.....#..........# #.#
###.#####.#.###...# .#
#...##.......# ##. #
.....#.##..#.#
........##.###.
.........#.#. #. # #.


You could see a deep elf archer (repels missiles), 2 deep elf pyromancers and 2
fire elementals.

Vanquished Creatures
  Gastronok (Lair:1)
  A deep elf sorcerer (Elf:1)
  Azrael (Orc:2)
  A deep elf demonologist (Elf:1)
  2 deep elf death magi (Elf:1)
  Harold (D:9)
  2 vault guards (Bailey)
  A catoblepas (Lair:1)
  4 dancing weapons (Elf:1)
  An orc high priest (Elf:1)
  Sonja (Lair:1)
  A deep elf archer (Elf:1)
  5 orc knights (Orc:2)
  5 deep elf pyromancers (Elf:1)
  5 deep elf zephyrmancers (Elf:1)
  3 ugly things (D:7)
  Joseph (Lair:1)
  2 black mambas (Lair:1)
  9 elephants (Lair:1)
  An unseen horror (D:7)
  A komodo dragon (Lair:1)
  4 trolls
  A hornet (D:8)
  4 blink frogs (Lair:1)
  A polar bear (Lair:1)
  Grinder (Sewer)
  Prince Ribbit (Bailey)
  An air elemental (Elf:1)
  A wraith (D:10)
  5 fire elementals
  4 small abominations (D:7)
  Grum (Lair:1)
  19 yaks
  5 humans (Bailey)
  A steam dragon (D:7)
  5 wargs
  3 acid dragons
  6 water moccasins
  4 hell hounds
  A sky beast (D:8)
  4 ice beasts
  30 orc warriors
  5 black bears
  15 centaurs
  5 ogres
  4 wolves (Lair:1)
  2 phantoms
  7 kobold brigands
  A necrophage (Sewer)
  7 bullfrogs
  2 scorpions
  An earth elemental (Elf:1)
  A gnoll sergeant (D:9)
  11 wights
  6 killer bees (D:8)
  The ghost of wormstring the Ruffian, a weakling DrSh (D:3)
  A howler monkey (D:9)
  A bullfrog zombie (D:3)
  2 centaur zombies (Ossuary)
  2 jellies
  Crazy Yiuf (D:2)
  5 hounds
  19 orc priests
  A bullfrog skeleton (D:3)
  4 iguanas
  4 hell rats (Lair:1)
  10 orc wizards
  4 mummies (Ossuary)
  13 gnolls
  7 adders
  4 shadow imps
  3 white imps
  5 ufetubi (Sewer)
  3 worms
  A dart slug (D:4)
  73 orcs
  2 bat zombies (Sewer)
  8 endoplasms
  3 giant cockroaches
  3 gnoll zombies (Ossuary)
  24 goblins
  14 hobgoblins
  46 kobolds
  2 quokkas
  7 ball pythons
  6 bats
  A frilled lizard (D:2)
  3 hobgoblin zombies (Ossuary)
  A kobold zombie (Sewer)
  6 rats
508 creatures vanquished.

Notes
Turn   | Place    | Note
-------+----------+-------------------------------------------
     0 | D:1      | lxXxl the Minotaur Fighter began the quest for the Orb.
     0 | D:1      | Reached XP level 1. HP: 19/19 MP: 0/0
   253 | D:1      | Reached XP level 2. HP: 27/27 MP: 1/1
   559 | D:2      | Reached skill level 3 in Axes
   693 | D:2      | Reached XP level 3. HP: 33/33 MP: 2/2
   734 | D:2      | Found a faded altar of an unknown god.
   742 | D:2      | Prayed at the altar of an unknown god.
   742 | D:2      | Became a worshipper of Gozag Ym Sagoz the Greedy
   780 | D:2      | Found a runed translucent door.
   781 | D:2      | Noticed Crazy Yiuf
   792 | D:2      | Killed Crazy Yiuf
   793 | D:2      | Reached skill level 4 in Axes
   945 | D:2      | Reached XP level 4. HP: 32/40 MP: 3/3
  1082 | D:3      | Reached skill level 5 in Axes
  1378 | D:3      | Reached skill level 6 in Axes
  1378 | D:3      | Reached XP level 5. HP: 17/46 MP: 4/4
  1527 | D:3      | Found a glowing drain.
  1560 | Sewer    | Entered a sewer
  1788 | Sewer    | Noticed Grinder
  1934 | Sewer    | Paralysed by Grinder for 5 turns
  1970 | Sewer    | Reached skill level 7 in Axes
  1970 | Sewer    | Reached XP level 6. HP: 34/52 MP: 5/5
  2145 | Sewer    | Killed Grinder
  2146 | Sewer    | Reached skill level 8 in Axes
  2154 | Sewer    | Reached skill level 9 in Axes
  2154 | Sewer    | Reached XP level 7. HP: 41/58 MP: 6/6
  2287 | Sewer    | Found an ancient bone altar of Kikubaaqudgha.
  2587 | D:3      | Found a transporter.
  2587 | D:3      | Noticed wormstring's ghost (weakling DrSh)
  2672 | D:3      | Found a transporter.
  3021 | D:4      | Reached skill level 10 in Axes
  3062 | D:4      | Found an ornate altar of the Wu Jian Council.
  3273 | D:4      | Found a staircase to the Ecumenical Temple.
  3792 | D:5      | Entered Level 5 of the Dungeon
  3813 | D:4      | Reached XP level 8. HP: 58/67 MP: 7/7
  3962 | D:3      | Killed wormstring's ghost
  4206 | D:5      | Reached skill level 5 in Fighting
  4206 | D:5      | Reached skill level 11 in Axes
  4206 | D:5      | Reached skill level 5 in Armour
  4206 | D:5      | Reached skill level 5 in Shields
  4738 | D:5      | Found a hazy altar of Hepliaklqana.
  5258 | D:6      | Reached XP level 9. HP: 75/75 MP: 8/8
  5363 | D:6      | Identified the +12 dagger "Taeloda" {flame, rPois rC-
                  | Dex+2}
  5989 | D:7      | Reached skill level 12 in Axes
  6031 | D:7      | Found a sand-covered staircase.
  6081 | Ossuary  | Entered an ossuary
  6441 | D:7      | Found a hide-covered altar of Uskayaw.
  6442 | D:7      | Found a radiant altar of Vehumet.
  6627 | D:7      | Found a shimmering blue altar of Sif Muna.
  6724 | D:7      | Found a transporter.
  6726 | D:7      | Found a transporter.
  6726 | D:7      | Found a corrupted altar of Lugonu.
  6726 | D:7      | Noticed a red ugly thing
  6727 | D:7      | Noticed a brown ugly thing
  6728 | D:7      | Noticed a red ugly thing
  6763 | D:7      | Found an opulent altar of Gozag.
  6900 | D:7      | Found a basalt altar of Yredelemnul.
  7092 | D:7      | Reached skill level 13 in Axes
  7098 | D:7      | Killed a green ugly thing
  7099 | D:7      | Reached XP level 10. HP: 43/86 MP: 9/9
  7099 | D:7      | Killed a cyan ugly thing
  7101 | D:7      | Killed a cyan ugly thing
  7331 | D:7      | Found a glowing silver altar of Zin.
  7438 | D:7      | Bought a glowing plate armour for 728 gold pieces
  7454 | D:7      | Bought a shiny kite shield for 210 gold pieces
  7622 | D:8      | Reached skill level 14 in Axes
  7693 | D:8      | Found a flagged portal.
  7765 | Bailey   | Entered a bailey
  7881 | Bailey   | Noticed a vault guard
  7881 | Bailey   | Noticed Prince Ribbit
  7885 | Bailey   | Killed Prince Ribbit
  7899 | Bailey   | Killed a vault guard
  7953 | Bailey   | Noticed a vault guard
  7969 | Bailey   | Killed a vault guard
  7970 | Bailey   | Reached XP level 11. HP: 79/97 MP: 10/10
  8290 | D:7      | Bought a glowing scarf for 224 gold pieces
  8659 | D:9      | Reached skill level 15 in Axes
  8933 | D:9      | Found a staircase to the Lair.
  8962 | D:9      | Noticed Harold
  8975 | D:9      | Killed Harold
  9001 | D:9      | Found Ukiem's Changing Room.
  9159 | D:9      | Found a bloodstained altar of Trog.
  9586 | D:10     | Entered Level 10 of the Dungeon
  9994 | D:10     | Found a staircase to the Orcish Mines.
 10683 | Lair:1   | Entered Level 1 of the Lair of Beasts
 10683 | Lair:1   | Noticed Joseph
 10690 | Lair:1   | Killed Joseph
 10691 | Lair:1   | Reached skill level 10 in Armour
 10704 | Lair:1   | Noticed a catoblepas
 10745 | Lair:1   | Killed a catoblepas
 10746 | Lair:1   | Reached skill level 10 in Fighting
 10746 | Lair:1   | Reached skill level 16 in Axes
 10746 | Lair:1   | Reached skill level 10 in Shields
 10775 | Lair:1   | Reached XP level 12. HP: 40/107 MP: 11/11
 10876 | Lair:1   | Noticed Grum
 10886 | Lair:1   | Killed Grum
 11177 | Lair:1   | Noticed Sonja
 11181 | Lair:1   | Killed Sonja
 11182 | Lair:1   | Reached skill level 17 in Axes
 11345 | Lair:1   | Noticed Gastronok
 11363 | Lair:1   | Killed Gastronok
 12059 | Lair:2   | Noticed a six-headed hydra
 12353 | D:9      | Bought a pair of embroidered gloves for 165 gold pieces
 12447 | Orc:1    | Entered Level 1 of the Orcish Mines
 12447 | Orc:1    | Found Caar Zeu's Armour Shop.
 13047 | Orc:2    | Entered Level 2 of the Orcish Mines
 13047 | Orc:2    | Noticed Azrael
 13082 | Orc:2    | Found Fapla's Self-Improvement Boutique.
 13130 | Orc:2    | Killed Azrael
 13215 | Orc:2    | Found a staircase to the Elven Halls.
 13427 | Orc:2    | Reached XP level 13. HP: 95/117 MP: 12/12
 13430 | Orc:2    | Reached skill level 18 in Axes
 13993 | Orc:2    | Found Tygut's Armour Boutique.
 13993 | Orc:2    | Found Ruistu's Distillery.
 13995 | Orc:2    | Found Ateeta's Armour Shop.
 13997 | Orc:2    | Found Kyettergh's Jewellery Shoppe.
 14002 | Orc:2    | Bought the +2 hat of the Bear Spirit {Spirit, Bear, *Rage
                  | Will++} for 488 gold pieces
 14002 | Orc:2    | Found the +2 hat of the Bear Spirit {Spirit, Bear, *Rage
                  | Will++}
 14301 | Elf:1    | Entered Level 1 of the Elven Halls
 14303 | Elf:1    | Noticed a deep elf sorcerer
 14313 | Elf:1    | Killed a deep elf sorcerer
 14329 | Elf:1    | Paralysed by an air elemental for 1 turns
 14469 | Elf:1    | Noticed a deep elf death mage
 14472 | Elf:1    | Noticed a deep elf demonologist
 14477 | Elf:1    | Killed a deep elf death mage
 14490 | Elf:1    | Noticed a blizzard demon
 14490 | Elf:1    | Killed a deep elf demonologist
 14491 | Elf:1    | Reached skill level 19 in Axes
 14661 | Elf:1    | Noticed a deep elf death mage
 14668 | Elf:1    | Killed a deep elf death mage
 14685 | Elf:1    | HP: 4/119 [something/shard of ice (25)]
 14685 | Elf:1    | Slain by a deep elf archer

Illustrated notes

Levels and vault maps discovered:
D:1:      saegor_arrival_simple_c, layout_loops_cross, st_stairs_12,
          fountainhead, due_unseen_surprise
D:2:      layout_rooms, chequers_ecumenical_altar_simple_redux,
          uniq_crazy_yiuf_cottage
D:3:      layout_loops_ring, gammafunk_ghost_mausoleum,
          cheibrodos_sewer_entry_bend
D:4:      layout_cave_pools, nicolae_wu_jian_wuxing_cycle, minivault_5
D:5:      layout_loops_ring, worldfamousw_hep_ancestral_shrine,
          grunt_decor_clamped
D:6:      corexii_shantytown, layout_cave_pools
D:7:      gammafunk_corrupted_shrine, layout_gridville,
          pdpol_temple_overflow_zin_treasury_gozag_greed,
          chequers_temple_overflow_statue_of_worship,
          mainiacjoe_overflow_small_starburst, tgw_sif,
          nicolae_ossuary_entry_plus, hex_large
D:8:      layout_rooms, enter_bailey_7
D:9:      layout_cave_pods, trog_book, lair_entry_dummy,
          nicolae_transmutations_shop, kennysheep_generic_room_8, uniq_harold,
          uniq_prince_ribbit1
D:10:     layout_grid_maze, erik_orc_4, hangedman_abyss_or_decor_slice,
          serial_park_tiny_1
Lair:1:   layout_roguey, st_stairs_11, beast_lair_carwin_5, grunt_megastairs_3,
          uniq_joseph, uniq_grum, uniq_gastronok, uniq_sonja
Lair:2:   layout_cave_pods, minmay_swamp_entry_eels
Orc:1:    layout_caves, serial_shops, shop
Orc:2:    st_orc_rangers, layout_diamond_mine, nicolae_shop_self_help,
          uniq_azrael
Elf:1:    layout_loops_cross, serial_shops, nicolae_shop_rolling_square,
          portal_ice_cave_entry_pillars_1, hangedman_elf_represent

Skill      XL: |  1  2  3  4  5  6  7  8  9 10 11 12 13 |
---------------+----------------------------------------+-----
Axes           | 3 4 6 7 9 10 11 13 14 16 17 19 | 19.3
Fighting       | 4 5 7 9 10 11 12 | 12.9
Armour         | 4 5 7 9 10 11 12 | 12.9
Shields        | 4 5 7 9 10 11 12 | 12.9

Action                     |  1- 3 |  4- 6 |  7- 9 | 10-12 | 13-15 || total
---------------------------+-------+-------+-------+-------+-------++-------
  Melee: War axe           |    45 |   137 |   197 |       |       ||   379
         Headbutt          |     6 |    20 |    70 |   105 |    25 ||   226
         Hand axe          |       |       |   157 |       |       ||   157
         Battleaxe         |       |       |    10 |   438 |   167 ||   615
 Invoke: Call Merchant     |       |       |       |     2 |       ||     2
         Potion Petition   |       |       |       |     1 |     1 ||     2
  Evoke: Wand              |       |       |     2 |    14 |       ||    16
    Use: Potion            |     1 |     2 |     6 |     5 |     2 ||    16
         Scroll            |       |       |     3 |    20 |       ||    23
   Stab: Distracted        |       |       |       |     2 |       ||     2
         Fleeing           |       |       |       |     1 |       ||     1
 Armour: Scale mail        |    28 |    68 |   174 |     2 |       ||   272
         Plate armour      |       |       |       |   421 |   142 ||   563
  Dodge: Dodged            |    20 |    75 |   146 |   209 |    96 ||   546
  Block: Buckler           |    14 |    41 |    80 |       |       ||   135
         Form:             |     1 |       |       |       |       ||     1
         Beast             |     1 |       |       |       |       ||     1

Table legend: (Time is in decaauts)
 A = Elapsed time spent in this place.
 B = Non-inter-level travel time spent in this place.
 C = Inter-level travel time spent in this place.
 D = Time resting spent in this place.
 E = Time spent auto-exploring this place.
 F = Levels seen in this place.
 G = Mean time per level.
                   A        B        C        D        E       F      G
               +--------+--------+--------+--------+--------+-----+--------+
         Total |  14696 |   9332 |   5364 |    463 |   3750 |  18 |  816.4 |
       Dungeon |   9259 |   5082 |   4177 |    101 |   2663 |  10 |  925.9 |
          Lair |   1616 |   1257 |    359 |    166 |    559 |   2 |  808.0 |
  Orcish Mines |   1818 |   1118 |    700 |     64 |    459 |   2 |  909.0 |
   Elven Halls |    397 |    270 |    127 |      1 |     34 |   1 |  397.0 |
         Sewer |    990 |    990 |      0 |    131 |     35 |   1 |  990.0 |
       Ossuary |    259 |    259 |      0 |      0 |      0 |   1 |  259.0 |
        Bailey |    356 |    356 |      0 |      0 |      0 |   1 |  356.0 |
               +--------+--------+--------+--------+--------+-----+--------+

Top non-repeatable levels by time:
  Lair:1: 1602 daAuts
     D:7: 1402 daAuts
     D:9: 1199 daAuts
     D:3: 1193 daAuts
   Orc:2: 1142 daAuts
   Sewer: 990 daAuts
    D:10: 967 daAuts
     D:6: 927 daAuts
     D:4: 904 daAuts
     D:5: 893 daAuts
   Orc:1: 676 daAuts
     D:8: 675 daAuts
     D:1: 563 daAuts
     D:2: 532 daAuts
   Elf:1: 397 daAuts
